APL (24 & UNDER)
KENOSHA KINGFISH @ SCOTTSDALE SCORPIONS
07/24/2030
 
TOP OF THE 1ST
Kenosha Kingfish batting - Pitching for Scottsdale Scorpions : RHP Jorge Chávez
Pitching: RHP Jorge Chávez
Batting: RHB Armando Arellano 0-0: Called Strike
0-1: Swinging Strike
0-2: Ball
1-2: Ground out 5-3 (Groundball, 56)
Batting: LHB Jerry Benjamin 0-0: Ball
1-0: Ball
2-0: Foul Ball, location: 2F
2-1: Fly out, F7 (Flyball, 7)
Batting: LHB Juan Rodríguez 0-0: Called Strike
0-1: Foul Ball, location: 2F
0-2: Ball
1-2: SINGLE (Line Drive, 34D)
Batting: LHB Luis Martínez 0-0: Ball
1-0: SINGLE (Line Drive, 7S)
Juan Rodríguez to second
Batting: RHB Mike Martínez 0-0: Foul Ball, location: 2F
0-1: Ball
1-1: Fly out, F9 (Flyball, 9D)
Top of the 1st over - 0 runs, 2 hits, 0 errors, 2 left on base; Kenosha 0 - Scottsdale 0
BOTTOM OF THE 1ST
Scottsdale Scorpions batting - Pitching for Kenosha Kingfish : RHP Kent Bailey
Pitching: RHP Kent Bailey
Batting: LHB Bartolo Baruffaldi 0-0: Called Strike
0-1: Bunted foul
0-2: SINGLE (Line Drive, 3S)
Batting: RHB José Martínez 0-0: Ball
1-0: Called Strike
1-1: Swinging Strike
1-2: Strikes out swinging
Batting: SHB Luis López 0-0: Ball
Bartolo Baruffaldi steals 2nd base
1-0: Foul Ball, location: 2F
1-1: Foul Ball, location: 2F
1-2: Foul Ball, location: 2F
1-2: Ball
2-2: Ball
3-2: Foul Ball, location: 2F
3-2: Strikes out swinging
Batting: LHB Tony Ayala 0-0: Ball
1-0: Called Strike
1-1: Swinging Strike
1-2: Ball
2-2: Strikes out swinging
Bottom of the 1st over - 0 runs, 1 hit, 0 errors, 1 left on base; Kenosha 0 - Scottsdale 0
TOP OF THE 2ND
Kenosha Kingfish batting - Pitching for Scottsdale Scorpions : RHP Jorge Chávez
Batting: RHB Vicente Rosales 0-0: Called Strike
0-1: Ball
1-1: Called Strike
1-2: Ball
2-2: Foul Ball, location: 2F
2-2: SINGLE (Groundball, 6MD)
Batting: RHB Jeff Navarro 0-0: Called Strike
0-1: Ball
1-1: Ball
2-1: Foul Ball, location: 2F
2-2: Strikes out looking
Batting: RHB Juan Escalante 0-0: Ball
1-0: Foul Ball, location: 2F
1-1: Ball
2-1: SINGLE (Flyball, 7LS)
Vicente Rosales to second
Batting: RHB Charlie Guzmén 0-0: Called Strike
0-1: Ball
1-1: Ball
2-1: Reached on error, E6 (Groundball, 6S)
Vicente Rosales to third
Juan Escalante to second
Batting: RHB Armando Arellano 0-0: Called Strike
0-1: Ball
1-1: Ball
2-1: Ball
3-1: Swinging Strike
3-2: Base on Balls
Vicente Rosales scores
Juan Escalante to third
Charlie Guzmén to second
Batting: LHB Jerry Benjamin 0-0: Ball
1-0: Called Strike
1-1: Foul Ball, location: 2F
1-2: Ball
2-2: Ball
3-2: Base on Balls
Juan Escalante scores
Charlie Guzmén to third
Armando Arellano to second
Batting: LHB Juan Rodríguez 0-0: Swinging Strike
0-1: Foul Ball, location: 2F
0-2: Ball
1-2: Ball
2-2: Ball
3-2: Ground out 4-3 (Groundball, 34D)
Charlie Guzmén scores
Armando Arellano to third
Jerry Benjamin to second
Batting: LHB Luis Martínez 0-0: Called Strike
0-1: Ball
1-1: Ball
2-1: Foul Ball, location: 2F
2-2: Foul Ball, location: 2F
2-2: Foul Ball, location: 2F
2-2: Ball
3-2: Foul Ball, location: 2F
3-2: Foul Ball, location: 2F
3-2: Ground out 4-3 (Groundball, 4)
Top of the 2nd over - 3 runs, 2 hits, 1 error, 2 left on base; Kenosha 3 - Scottsdale 0
BOTTOM OF THE 2ND
Scottsdale Scorpions batting - Pitching for Kenosha Kingfish : RHP Kent Bailey
Batting: RHB Steve Boyer 0-0: Foul Ball, location: 2F
0-1: Foul Ball, location: 2F
0-2: Foul Ball, location: 2F
0-2: Reached on error, E1 (Groundball, 13S)
Batting: LHB Ángel De Jesús 0-0: Called Strike
0-1: Ball
1-1: 2-RUN HOME RUN (Flyball, 9D), Distance : 359 ft
Batting: RHB Dean Oglethorpe 0-0: Swinging Strike
0-1: Ball
1-1: Called Strike
1-2: Ground out 1-3 (Groundball, 13S)
Batting: RHB Rob Johnston 0-0: Ball
1-0: Ball
2-0: Ball
3-0: Base on Balls
Batting: RHB Miguel Ramos 0-0: Ball
1-0: Called Strike
1-1: Foul Ball, location: 2F
1-2: Grounds into double play, 5-4-3 (Groundball, 56)
Bottom of the 2nd over - 2 runs, 1 hit, 1 error, 0 left on base; Kenosha 3 - Scottsdale 2
TOP OF THE 3RD
Kenosha Kingfish batting - Pitching for Scottsdale Scorpions : RHP Jorge Chávez
Batting: RHB Mike Martínez 0-0: Swinging Strike
0-1: Ball
1-1: Foul Ball, location: 2F
1-2: Ball
2-2: Foul Ball, location: 2F
2-2: Strikes out looking
Batting: RHB Vicente Rosales 0-0: Ground out 5-3 (Groundball, 56S)
Batting: RHB Jeff Navarro 0-0: Ball
1-0: Ball
2-0: Ball
3-0: Foul Ball, location: 2F
3-1: Base on Balls
Batting: RHB Juan Escalante 0-0: Ball
1-0: Ball
2-0: Ball
3-0: Base on Balls
Jeff Navarro to second
Batting: RHB Charlie Guzmén 0-0: Ball
1-0: Called Strike
1-1: Foul Ball, location: 2F
1-2: Strikes out swinging
Top of the 3rd over - 0 runs, 0 hits, 0 errors, 2 left on base; Kenosha 3 - Scottsdale 2
BOTTOM OF THE 3RD
Scottsdale Scorpions batting - Pitching for Kenosha Kingfish : RHP Kent Bailey
Batting: LHB Bartolo Baruffaldi 0-0: Ball
1-0: Ball
2-0: Bunt for hit - play at first, batter safe!
Batting: RHB José Martínez 0-0: Ball
1-0: Ball
2-0: Called Strike
2-1: Swinging Strike
2-2: Ball
3-2: Fly out, F9 (Line Drive, 9S)
Batting: SHB Luis López 0-0: Called Strike
0-1: Foul Ball, location: 2F
0-2: SINGLE (Line Drive, 9S)
Bartolo Baruffaldi to second
Batting: LHB Tony Ayala 0-0: Called Strike
0-1: Ball
Bartolo Baruffaldi steals 3rd base
Luis López to second
1-1: Called Strike
1-2: SINGLE (Groundball, 6D)
Bartolo Baruffaldi scores
Luis López to third
Batting: RHB Steve Boyer 0-0: Foul Ball, location: 2F
0-1: Foul Ball, location: 2F
0-2: Ball
1-2: SINGLE (Groundball, 6D)
Luis López scores
Tony Ayala to second
Batting: LHB Ángel De Jesús 0-0: Foul Ball, location: 2F
0-1: Fly out, F5 (Popup, 5SF)
Batting: RHB Dean Oglethorpe 0-0: Called Strike
0-1: Foul Ball, location: 2F
0-2: Ball
1-2: Ball
2-2: SINGLE (Line Drive, 6)
Tony Ayala to third
Steve Boyer to second
Runner from 3rd tries for Home, SAFE, no throw
Batting: RHB Rob Johnston 0-0: Called Strike
0-1: Ball
1-1: Called Strike
1-2: Strikes out swinging
Bottom of the 3rd over - 3 runs, 5 hits, 0 errors, 2 left on base; Kenosha 3 - Scottsdale 5
TOP OF THE 4TH
Kenosha Kingfish batting - Pitching for Scottsdale Scorpions : RHP Jorge Chávez
Batting: RHB Armando Arellano 0-0: Ground out 6-3 (Groundball, 6)
Batting: LHB Jerry Benjamin 0-0: Called Strike
0-1: Foul Ball, location: 2F
0-2: Ball
1-2: Foul Ball, location: 2F
1-2: Ball
2-2: Ball
3-2: Ground out 6-3 (Groundball, 6S)
Batting: LHB Juan Rodríguez 0-0: Ball
1-0: Ball
2-0: DOUBLE (Line Drive, 9LM)
Batting: LHB Luis Martínez 0-0: Ball
1-0: Swinging Strike
1-1: Ball
2-1: Called Strike
2-2: Ball
3-2: Strikes out swinging
Top of the 4th over - 0 runs, 1 hit, 0 errors, 1 left on base; Kenosha 3 - Scottsdale 5
BOTTOM OF THE 4TH
Scottsdale Scorpions batting - Pitching for Kenosha Kingfish : RHP Kent Bailey
Batting: RHB Miguel Ramos 0-0: Foul Ball, location: 2F
0-1: Ground out 6-3 (Groundball, 6)
Batting: LHB Bartolo Baruffaldi 0-0: SINGLE (Groundball, 34D)
Batting: RHB José Martínez 0-0: Called Strike
0-1: Fly out, F8 (Flyball, 8RM)
Batting: SHB Luis López 0-0: Called Strike
Bartolo Baruffaldi steals 2nd base
0-1: Ball
1-1: Swinging Strike
1-2: Ball
2-2: Hit by Pitch
Batting: LHB Tony Ayala 0-0: Ground out 6-3 (Groundball, 6M)
Bottom of the 4th over - 0 runs, 1 hit, 0 errors, 2 left on base; Kenosha 3 - Scottsdale 5
TOP OF THE 5TH
Kenosha Kingfish batting - Pitching for Scottsdale Scorpions : RHP Jorge Chávez
Pitching: RHP Rick Rutledge
Batting: RHB Mike Martínez 0-0: Called Strike
0-1: Ball
1-1: Ball
2-1: SINGLE (Line Drive, 7LS)
Batting: RHB Vicente Rosales 0-0: Ball
1-0: Called Strike
1-1: Ball
2-1: Called Strike
2-2: Foul Ball, location: 2F
2-2: Foul Ball, location: 2F
2-2: Fly out, F7 (Flyball, 7)
Batting: RHB Jeff Navarro 0-0: Ball
1-0: Called Strike
1-1: Ball
2-1: Called Strike
2-2: Strikes out swinging
Batting: RHB Juan Escalante 0-0: Ball
1-0: Called Strike
1-1: Ball
2-1: Foul Ball, location: 2F
2-2: Foul Ball, location: 2F
2-2: Fly out, F7 (Flyball, 7D)
Top of the 5th over - 0 runs, 1 hit, 0 errors, 1 left on base; Kenosha 3 - Scottsdale 5
BOTTOM OF THE 5TH
Scottsdale Scorpions batting - Pitching for Kenosha Kingfish : RHP Kent Bailey
Batting: RHB Steve Boyer 0-0: Ball
1-0: Foul Ball, location: 2F
1-1: Ball
2-1: Ball
3-1: Base on Balls
Batting: LHB Ángel De Jesús 0-0: Ball
1-0: Ball
2-0: Ball
3-0: Base on Balls
Steve Boyer to second
Pitching: RHP Ramón Árias
Batting: RHB Dean Oglethorpe 0-0: Swinging Strike
0-1: Foul Ball, location: 2F
0-2: Strikes out swinging
Batting: RHB Rob Johnston 0-0: Foul Ball, location: 2F
0-1: Ball
1-1: Called Strike
1-2: Strikes out looking
Batting: RHB Miguel Ramos 0-0: Ball
1-0: Ball
2-0: Called Strike
2-1: Ball
3-1: Base on Balls
Steve Boyer to third
Ángel De Jesús to second
Batting: LHB Bartolo Baruffaldi 0-0: Called Strike
0-1: Ball
1-1: Ball
2-1: SINGLE (Line Drive, 6M)
Steve Boyer scores
Ángel De Jesús to third
Miguel Ramos to second
Batting: RHB José Martínez 0-0: Swinging Strike
0-1: Ball
1-1: Ball
2-1: Fielders Choice at 2nd, 5-4 (Groundball, 56)
Bottom of the 5th over - 1 run, 1 hit, 0 errors, 3 left on base; Kenosha 3 - Scottsdale 6
TOP OF THE 6TH
Kenosha Kingfish batting - Pitching for Scottsdale Scorpions : RHP Rick Rutledge
Batting: RHB Charlie Guzmén 0-0: Called Strike
0-1: Ball
1-1: Ball
2-1: Foul Ball, location: 2F
2-2: Fly out, F8 (Flyball, 8LXD)
Batting: RHB Armando Arellano 0-0: Ball
1-0: Called Strike
1-1: Ball
2-1: Ground out U3 (Groundball, 3L)
Batting: LHB Jerry Benjamin 0-0: Called Strike
0-1: Foul Ball, location: 2F
0-2: Fly out, F2 (Popup, 2RF)
Top of the 6th over - 0 runs, 0 hits, 0 errors, 0 left on base; Kenosha 3 - Scottsdale 6
BOTTOM OF THE 6TH
Scottsdale Scorpions batting - Pitching for Kenosha Kingfish : RHP Ramón Árias
Batting: SHB Luis López 0-0: Foul Ball, location: 2F
0-1: Fly out, F8 (Flyball, 8LD)
Batting: LHB Tony Ayala 0-0: Called Strike
0-1: Ball
1-1: Foul Ball, location: 2F
1-2: Strikes out looking
Batting: RHB Steve Boyer 0-0: Swinging Strike
0-1: Ball
1-1: Swinging Strike
1-2: Foul Ball, location: 2F
1-2: Strikes out swinging
Bottom of the 6th over - 0 runs, 0 hits, 0 errors, 0 left on base; Kenosha 3 - Scottsdale 6
TOP OF THE 7TH
Kenosha Kingfish batting - Pitching for Scottsdale Scorpions : RHP Rick Rutledge
Batting: LHB Juan Rodríguez 0-0: Ball
1-0: Ball
2-0: Called Strike
2-1: Called Strike
2-2: Ball
3-2: Ground out U3 (Groundball, 3)
Batting: LHB Luis Martínez 0-0: Fly out, F9 (Flyball, 89XD)
Batting: RHB Mike Martínez 0-0: Called Strike
0-1: Swinging Strike
0-2: Ground out 4-3 (Groundball, 34D)
Top of the 7th over - 0 runs, 0 hits, 0 errors, 0 left on base; Kenosha 3 - Scottsdale 6
BOTTOM OF THE 7TH
Scottsdale Scorpions batting - Pitching for Kenosha Kingfish : RHP Ramón Árias
Batting: LHB Ángel De Jesús 0-0: Ball
1-0: Swinging Strike
1-1: Ball
2-1: SOLO HOME RUN (Flyball, 9LD), Distance : 315 ft
Batting: RHB Dean Oglethorpe 0-0: Ball
1-0: Ball
2-0: Ball
3-0: Base on Balls
Batting: RHB Rob Johnston 0-0: Ball
1-0: Called Strike
1-1: Ball
Dean Oglethorpe steals 2nd base
2-1: Called Strike
2-2: Strikes out swinging
Batting: RHB Miguel Ramos 0-0: Ball
Dean Oglethorpe steals 3rd base
1-0: Ball
2-0: Ball
3-0: Base on Balls
Pitching: LHP Carlos Martínez
Batting: LHB Bartolo Baruffaldi 0-0: Called Strike
0-1: Ball
Miguel Ramos is caught stealing 2nd base
1-1: Ball
2-1: Ball
3-1: Base on Balls
Pitching: RHP Alberto Olivarez
Batting: RHB José Martínez 0-0: Called Strike
0-1: SINGLE (Flyball, 7LS)
Dean Oglethorpe scores
Bartolo Baruffaldi to second
Runner from 2nd tries for 3rd, SAFE, throw made to third
Batting: SHB Luis López 0-0: Swinging Strike
0-1: Ball
1-1: Ball
2-1: Foul Ball, location: 2F
2-2: Fielders Choice at 2nd, 5-4 (Groundball, 56)
Bottom of the 7th over - 2 runs, 2 hits, 0 errors, 2 left on base; Kenosha 3 - Scottsdale 8
TOP OF THE 8TH
Kenosha Kingfish batting - Pitching for Scottsdale Scorpions : RHP Rick Rutledge
Now at C: Jeff McQueen
Batting: RHB Vicente Rosales 0-0: SINGLE (Line Drive, 89M)
Batting: RHB Jeff Navarro 0-0: Ball
1-0: Called Strike
1-1: Foul Ball, location: 2F
1-2: Foul Ball, location: 2F
1-2: Ball
2-2: Ball
3-2: Base on Balls
Vicente Rosales to second
Batting: RHB Juan Escalante 0-0: Swinging Strike
0-1: Swinging Strike
0-2: Fly out, F9 (Flyball, 9LS)
Batting: RHB Charlie Guzmén 0-0: Called Strike
0-1: Foul Ball, location: 2F
0-2: Strikes out swinging
Pitching: RHP José Alvarado
Batting: RHB Armando Arellano 0-0: Ball
1-0: Foul Ball, location: 2F
1-1: Swinging Strike
1-2: SINGLE (Groundball, 6D)
Vicente Rosales to third
Jeff Navarro to second
Runner from 3rd tries for Home, SAFE, no throw
Batting: LHB Jerry Benjamin 0-0: SINGLE (Groundball, 34D)
Jeff Navarro to third
Armando Arellano to second
Runner from 3rd tries for Home, SAFE, no throw
Batting: LHB Juan Rodríguez 0-0: Ground out U3 (Groundball, 3S)
Top of the 8th over - 2 runs, 3 hits, 0 errors, 2 left on base; Kenosha 5 - Scottsdale 8
BOTTOM OF THE 8TH
Scottsdale Scorpions batting - Pitching for Kenosha Kingfish : RHP Alberto Olivarez
Batting: LHB Tony Ayala 0-0: Ball
1-0: Called Strike
1-1: Swinging Strike
1-2: Strikes out looking
Batting: RHB Steve Boyer 0-0: Swinging Strike
0-1: Called Strike
0-2: Strikes out swinging
Batting: RHB Jeff McQueen 0-0: Fly out, F2 (Popup, 2R)
Bottom of the 8th over - 0 runs, 0 hits, 0 errors, 0 left on base; Kenosha 5 - Scottsdale 8
TOP OF THE 9TH
Kenosha Kingfish batting - Pitching for Scottsdale Scorpions : RHP José Alvarado
Pitching: LHP Miguel Guerra
Batting: LHB Luis Martínez 0-0: Ball
1-0: Called Strike
1-1: Ball
2-1: Foul Ball, location: 2F
2-2: Fly out, F9 (Flyball, 9LS)
Batting: RHB Mike Martínez 0-0: Ball
1-0: SINGLE (Groundball, 6MD)
Batting: RHB Vicente Rosales 0-0: Ball
1-0: Ball
2-0: Ball
3-0: Swinging Strike
3-1: Base on Balls
Mike Martínez to second
Pinch Hitting: RHB Millard Ferguson 0-0: Ball
1-0: Ground out 5-3 (Groundball, 56S)
Mike Martínez to third
Vicente Rosales to second
Batting: RHB Juan Escalante 0-0: Ball
1-0: Called Strike
1-1: Ball
2-1: Ground out U3 (Groundball, 34S)
Top of the 9th over - 0 runs, 1 hit, 0 errors, 2 left on base; Kenosha 5 - Scottsdale 8
Saturday, April 7th, 2018 - OOTP Baseball 18.8 Build 76